 Dungeon Crawl Stone Soup version 0.21.0-3-g78d12a8 (webtiles) character file.

455 Lovchig the Chopper (level 6, -3/56 HPs)
             Began as a Deep Dwarf Fighter on Jan 14, 2018.
             Was a Follower of Makhleb.
             Slain by a hornet (9 damage)
             ... while paralysed by a hornet
             ... on level 7 of the Dungeon.
             The game lasted 00:06:03 (1355 turns).

Lovchig the Chopper (Deep Dwarf Fighter)            Turns: 1355, Time: 00:06:04

Health: -3/56      AC: 12    Str: 22    XL:     6   Next: 76%
Magic:  4/4        EV:  2    Int:  8    God:    Makhleb [*.....]
Gold:   82         SH:  0    Dex: 12    Spells: 5/5 levels left

rFire    . . .     SeeInvis .   a - +0 war axe
rCold    + . .     Gourm    .   c - +1 shield
rNeg     . . .     Faith    .   e - +0 plate armour
rPois    .         Spirit   .   (no helmet)
rElec    .         Reflect  .   (no cloak)
rCorr    .         Harm     .   (no gloves)
MR       .....                  (no boots)
Stlth    ..........             (no amulet)
HPRegen  0.00/turn              h - ring of protection from cold
MPRegen  0.09/turn              k - ring of wizardry

@: paralysed, lethally poisoned (-3 -> -3), non-regenerating, slowed
A: damage resistance, heal wounds, sense surroundings 1, no regeneration
a: Heal Wounds, Renounce Religion


You were on level 7 of the Dungeon.
You worshipped Makhleb.
Makhleb was aware of your devotion.
You were not hungry.

You visited 1 branch of the dungeon, and saw 5 of its levels.

You collected 82 gold pieces.

Inventory:

Hand Weapons
 a - a +0 war axe (weapon)
Armour
 c - a +1 shield (worn)
 e - a +0 plate armour (worn)
Jewellery
 h - a ring of protection from cold (left hand)
 k - a ring of wizardry (right hand)
Scrolls
 i - 3 scrolls of remove curse
 j - 2 scrolls of identify
Potions
 d - 3 potions of might
 l - 2 potions of magic
 m - 3 potions of lignification
 n - a potion of ambrosia
Comestibles
 f - 6 rations
 g - 10 chunks of flesh


   Skills:
 * Level 3.5 Fighting
 * Level 5.2 Axes
 * Level 4.7 Armour
 * Level 2.3 Dodging
 * Level 4.6 Shields


You had 5 spell levels left.
You didn't know any spells.

Dungeon Overview and Level Annotations

Branches:
Dungeon (7/15)             Temple (0/1) D:7

Altars:
Cheibriados
Makhleb

Shops:
D:6 *

Annotations:
D:6 Eustachio


Innate Abilities, Weirdness & Mutations

You are resistant to damage.
You can heal yourself by infusing magical energy.
You passively map a small area around you.
You do not regenerate.


Message History

Unknown command.
You feel much better.
You feel very sick. You block the hornet's attack. x2
You miss the hornet.
The hornet is severely wounded.
You feel very sick. The hornet stings you!
You feel as though you will be slow longer.
You block the hornet's attack. x2
You miss the hornet.
The hornet is severely wounded.
You feel sick. The hornet stings you!
* * * LOW HITPOINT WARNING * * *
You feel as though you will be slow longer.
You block the hornet's attack. The hornet stings you!
* * * LOW HITPOINT WARNING * * *
You suddenly lose the ability to move!
The hornet stings you!
You die...

#.#.#.#.#.....#
........#.....# *
.##..########.# ,,,
** ...... *
#.#####..#
######....###.......#
, #.....[###### * *
,..........# * ,
######.##.# #...@# ,
###y)# #..#* * , , *
* *#... * * ,....
...... ,, * ......, ,
*........**8 * * , *


You could see a hornet.

Vanquished Creatures
  An orc warrior (D:7)
  2 ogres
  A howler monkey (D:6)
  A hound (D:2)
  An orc wizard (D:6)
  A mummy (D:6)
  A howler monkey zombie (D:6)
  2 adders
  An ooze (D:1)
  An adder skeleton (D:6)
  A dart slug (D:2)
  6 orcs
  4 bats
  A giant cockroach (D:1)
  6 hobgoblins
  7 jackals
  A quokka (D:2)
  2 frilled lizards
  4 goblins
  4 kobolds (D:1)
  3 rats
51 creatures vanquished.

Notes
Turn   | Place    | Note
-------+----------+-------------------------------------------
     0 | D:1      | Lovchig the Deep Dwarf Fighter began the quest for the Orb.
     0 | D:1      | Reached XP level 1. HP: 20/20 MP: 1/1
    58 | D:1      | Reached XP level 2. HP: 25/27 MP: 2/2
   569 | D:2      | Found a burning altar of Makhleb.
   572 | D:2      | Became a worshipper of Makhleb the Destroyer
   583 | D:2      | Reached XP level 3. HP: 20/33 MP: 3/3
   853 | D:2      | Reached skill level 3 in Axes
   924 | D:2      | Reached skill level 1 in Dodging
   924 | D:2      | Reached XP level 4. HP: 15/42 MP: 4/4
  1016 | D:3      | You fall through a shaft for 3 floors!
  1059 | D:6      | Found Led Moismedy's General Store.
  1059 | D:6      | Noticed an ogre
  1071 | D:6      | Killed an ogre
  1071 | D:6      | Reached skill level 4 in Axes
  1071 | D:6      | Reached XP level 5. HP: 42/49 MP: 5/5
  1092 | D:6      | Reached * piety under Makhleb
  1124 | D:6      | Found a snail-covered altar of Cheibriados.
  1173 | D:6      | Reached XP level 6. HP: 19/56 MP: 6/6
  1187 | D:6      | Noticed a two-headed ogre
  1190 | D:6      | Noticed Eustachio
  1200 | D:7      | Found a staircase to the Ecumenical Temple.
  1210 | D:7      | Noticed an orc warrior
  1247 | D:7      | Killed an orc warrior
  1247 | D:7      | Reached skill level 5 in Axes
  1311 | D:7      | Noticed a hornet
  1318 | D:7      | Paralysed by a hornet for 1 turns
  1322 | D:7      | Paralysed by a hornet for 3 turns
  1329 | D:7      | Paralysed by a hornet for 2 turns
  1338 | D:7      | Paralysed by a hornet for 3 turns
  1342 | D:7      | Paralysed by a hornet for 2 turns
  1345 | D:7      | Paralysed by a hornet for 1 turns
  1349 | D:7      | Paralysed by a hornet for 1 turns
  1354 | D:7      | Paralysed by a hornet for 3 turns
  1355 | D:7      | Slain by a hornet

Skill      XL: |  1  2  3  4  5  6 |
---------------+-------------------+-----
Axes           | 3 4 5 |  5.2
Fighting       | 3 |  3.5
Dodging        | 1 2 |  2.3
Shields        | 4 |  4.6
Armour         | 4 |  4.7

Action                   |  1- 3 |  4- 6 || total
-------------------------+-------+-------++-------
Melee: War axe           |   133 |   145 ||   278
 Abil: Heal Wounds       |       |    13 ||    13
  Use: Scroll            |     5 |     4 ||     9
  Eat: Chunk             |       |     2 ||     2
Armor: Scale mail        |    75 |    27 ||   102
       Plate armour      |       |    24 ||    24
Dodge: Dodged            |    60 |    48 ||   108
Block: Shield            |    89 |    95 ||   184
